 Dungeon Crawl Stone Soup version 0.32-a0-607-g64ea0e4219 (webtiles) character file.

Game seed: 14805455229553863324

85129 backslashecho the Severer (level 15, -12/129 HPs)
             Began as a Coglin Berserker on Mar 3, 2024.
             Was a High Priest of Trog.
             Mangled by a yaktaur captain
             ... wielding the +8 war axe of Miray {vamp, ^Fragile rElec Str+3 Int+8}
              (25 damage)
             ... on level 12 of the Dungeon.
             The game lasted 01:41:53 (28248 turns).

backslashecho the Severer (Coglin Berserker)       Turns: 28248, Time: 01:41:54

Health: -12/129    AC: 15    Str: 24    XL:     15   Next: 82%
Magic:  15/15      EV:  8    Int: 10    God:    Trog [*****.]
Gold:   1938       SH:  0    Dex: 11    Spells: 14/14 levels left

rFire   + + +        O - +5 broad axe of Puj Ygi {heavy, *Slow rC+ rN+++ Dex-5}
rCold   + + +        j - +11 whip "Dyxtouxi" {drain, rF++}
rNeg    + + +        A - +1 plate armour {rF+}
rPois   +            m - +0 hat of Lyuj {rPois Will- Int+3}
rElec   +            i - scarf {rC+ rF+}
rCorr   .            v - +0 pair of gloves "Deumem" {Dex+2}
SInv    .            f - +0 pair of boots
Will    .....        (amulet unavailable) Stlth
                     (ring unavailable)
HPRegen 0.41/turn    (ring unavailable)
MPRegen 0.14/turn    M - cryomatrix N-80 {Gadgeteer, rElec rC+}

%: slow self (1%)
@: revving
A: off-hand wielding, slow wielding, warmup strikes, no jewellery
a: Renounce Religion, Berserk, Trog's Hand, Brothers in Arms


You were on level 12 of the Dungeon.
You worshipped Trog.
Trog was extremely pleased with you.
You visited 3 branches of the dungeon, and saw 19 of its levels.
You also visited: Gauntlet.

You collected 2598 gold pieces.
You spent 660 gold pieces at shops.

Inventory:

Hand Weapons
 e - a +1 whip of venom {Kulveer}
 h - the +2 hand axe "Camiwke" {flame, rC- rCorr Int+7 Stlth-}
   (You acquired it on level 8 of the Dungeon)

   Int+7:     It affects your intelligence (+7).
   rC-:       It makes you vulnerable to cold.
   rCorr:     It protects you from acid and corrosion.
   Stlth-:    It makes you less stealthy.
 j - the +11 whip "Dyxtouxi" (offhand) {drain, rF++}
   (You took it off a spriggan on level 5 of the Lair of Beasts)

   rF++:      It greatly protects you from fire.
 s - the +9 rapier of Doblo {freeze, rF++ Will+ Int+3}
   (You found it on level 2 of the Lair of Beasts)

   Int+3:     It affects your intelligence (+3).
   rF++:      It greatly protects you from fire.
   Will+:     It increases your willpower.
 O - the +5 broad axe of Puj Ygi (weapon) {heavy, *Slow rC+ rN+++ Dex-5}
   (Trog gifted it to you on level 5 of the Lair of Beasts)

   Dex-5:     It affects your dexterity (-5).
   rC+:       It protects you from cold.
   rN+++:     It renders you almost immune to negative energy.
   *Slow:     It may slow you when you take damage.
Missiles
 p - 27 poisoned darts (quivered)
 u - a curare-tipped dart
Armour
 f - a +0 pair of boots (worn)
 i - a scarf of resistance (worn)
 m - the +0 hat of Lyuj (worn) {rPois Will- Int+3}
   (You found it in a Gauntlet)

   Int+3:     It affects your intelligence (+3).
   rPois:     It protects you from poison.
   Will-:     It decreases your willpower.
 v - the +0 pair of gloves "Deumem" (worn) {Dex+2}
   (You found it in a Gauntlet)

   Dex+2:     It affects your dexterity (+2).
 A - a +1 plate armour of fire resistance (worn)
Gizmo
 M - a cryomatrix N-80 (installed) {Gadgeteer, rElec rC+}
   (You invented it yourself on level 3 of the Lair of Beasts)

   [cryomatrix N-80]

   Gadgeteer: Your evocable items recharge 30% faster and wands have a 30%
   chance to not spend a charge.
   rC+:       It protects you from cold.
   rElec:     It insulates you from electricity.
Wands
 n - a wand of charming (2)
 x - a wand of digging (5)
 y - a wand of polymorph (1)
 I - a wand of mindburst (8)
 J - a wand of flame (15)
 Q - a wand of iceblast (8)
Scrolls
 a - a scroll of silence
 b - 5 scrolls of noise
 c - a scroll of vulnerability
 d - 4 scrolls of teleportation
 o - a scroll of poison
 t - 3 scrolls of revelation
 C - 3 scrolls of immolation
 F - a scroll of fog
 H - 3 scrolls of identify
 K - a scroll of fear
 R - a scroll of torment
Potions
 g - a potion of heal wounds
 k - a potion of mutation
 l - 4 potions of magic
 q - 3 potions of curing
 r - 3 potions of enlightenment
 w - 2 potions of haste
 z - a potion of ambrosia
 E - 2 potions of lignification
 G - 2 potions of invisibility
 L - 4 potions of might
 N - a potion of berserk rage
 P - a potion of resistance
Miscellaneous
 B - a phantom mirror
 D - a phial of floods


   Skills:
 - Level 15.0 Fighting
 - Level 6.0 Short Blades
 - Level 18.0 Axes
 * Level 5.5 Throwing
 + Level 5.1 Armour
 + Level 5.2 Dodging
 + Level 13.6 Evocations


You had 14 spell levels left.
You didn't know any spells.
Your spell library was empty.

Dungeon Overview and Level Annotations

Branches:
Dungeon (12/15)            Temple (0/1) D:6            Lair (5/5) D:9
 Shoals (0/4) Lair:3        Snake (0/4) Lair:3        Slime (0/5) Lair:5
    Orc (2/2) D:10            Elf (0/3) Orc:2       Gauntlet (visited)

Altars:
Ashenzari
Cheibriados
Dithmenos
Elyvilon
Fedhas
Gozag
Hepliaklqana
Makhleb
Okawaru
Qazlal
Trog
Uskayaw
Wu Jian
Xom
Yredelemnul
Zin
Lugonu

Shops:
D:6 (   D:12 *   Orc:2 :*([

Portals:
Abyss: Lair:5

Annotations:
Lair:3 1 runed translucent door, exclusion: door, Iluushri's ghost, journeyman DjCK
Lair:5 exclusion: 2 oklob plants
Orc:1 1 exclusion
Orc:2 1 exclusion


Innate Abilities, Weirdness & Mutations

You can wield a second weapon in your off-hand.
It takes a long time for you to wield or remove held weapons.
Your first few attacks do less damage.
You cannot equip rings or amulets.


Message History

A basilisk is nearby!
The basilisk gazes at you.
You are slowing down.
You see here a +2 long sword of flaming.
Your limbs are stiffening.
You chop the basilisk into pieces with the +5 broad axe of Puj Ygi!!!
You kill the basilisk!
Trog accepts your kill.
You hear a shout!
You have turned to stone.
A jumping spider comes into view.
The jumping spider pounces on you!
You are caught in a web!
The jumping spider bites you but does no damage.
The jumping spider completely misses you.
The jumping spider bites you but does no damage.
The jumping spider pounces on you.
You are even more entangled.
The jumping spider bites you but does no damage.
The jumping spider pounces on you but does no damage.
The jumping spider bites you but does no damage.
You turn to flesh and can move again.
You take 8 damage, and have 121/129 hp.
You struggle to detach yourself from the web.
The jumping spider pounces on you. The jumping spider bites you.
The jumping spider pounces on you but does no damage.
The jumping spider bites you but does no damage.
You take 3 damage, and have 118/129 hp.
The web tears apart.
The jumping spider barely misses you. The jumping spider bites you.
You take 2 damage, and have 116/129 hp.
You closely miss the jumping spider with the +5 broad axe of Puj Ygi.
You whack the jumping spider with the +11 whip "Dyxtouxi"!
The jumping spider pounces on you! The jumping spider barely misses you.
You take 7 damage, and have 109/129 hp.
You whack the jumping spider with the +11 whip "Dyxtouxi"!
The jumping spider is severely wounded.
You closely miss the jumping spider with the +5 broad axe of Puj Ygi.
The jumping spider changes into a sun moth!
You closely miss the sun moth with the +11 whip "Dyxtouxi".
You hit the sun moth with the +5 broad axe of Puj Ygi.
You hit the sun moth with the +5 broad axe of Puj Ygi.
The sun moth is lightly wounded.
You whack the sun moth with the +11 whip "Dyxtouxi"!
You drain the sun moth.
The sun moth bites you but does no damage.
You hit the sun moth but do no damage. You drain the sun moth.
The sun moth is moderately wounded.
You barely miss the sun moth with the +5 broad axe of Puj Ygi.
The sun moth's wings beat fiercely.
The flurry of pyrophoric scales hits you.
You are covered in intense liquid fire!
You thrash the sun moth with the +11 whip "Dyxtouxi"!!
The sun moth is severely wounded.
You open the sun moth like a pillowcase with the +5 broad axe of Puj Ygi!!!
You kill the sun moth!
Trog accepts your kill. The liquid fire burns you!
You take 1 damage, and have 109/129 hp.
You shake off some of the fire as you move.
The liquid fire burns you!
You shake off some of the fire as you move.
The liquid fire burns you!
Things that are here:
a +0 chain mail; a +0 great sword; an orc corpse You take 2 damage, and have 107/129 hp.
You shake off the liquid fire.
There is a stone staircase leading up, spattered with blood here.
Things that are here:
a +0 long sword; an elf skeleton
There is a stone staircase leading up, spattered with blood here.
Things that are here:
a +0 long sword; an elf skeleton
Things that are here:
a +0 chain mail; a +0 great sword; an orc corpse You start resting.
A yaktaur captain is nearby!
You regained 17 hp, and now have 126/129 hp.
The yaktaur captain shouts!
The yaktaur captain unwields the +8 war axe of Miray {vamp, ^Fragile rElec Str+3 Int+8}.
The yaktaur captain wields a +0 arbalest.
The yaktaur captain shoots a bolt.
The bolt hits you!
You take 15 damage, and have 111/129 hp.
The yaktaur captain shoots a bolt.
The bolt hits you!!
You hear a shout!
You take 30 damage, and have 81/129 hp.
MASSIVE DAMAGE!!
The yaktaur captain shoots a bolt.
The bolt hits you!!
You see here a +2 long sword of flaming.
You take 20 damage, and have 61/129 hp.
The yaktaur captain shoots a bolt.
The bolt hits you!
You see here a +0 morningstar.
You take 11 damage, and have 50/129 hp.
The yaktaur captain unwields a +0 arbalest.
The yaktaur captain wields the +8 war axe of Miray {vamp, ^Fragile rElec Str+3 Int+8}.
The yaktaur captain hits you with the +8 war axe of Miray!!!
* * * LOW HITPOINT WARNING * * *
You see here 3 large rocks.
You take 37 damage, and have 13/129 hp.
MASSIVE DAMAGE!!
You barely miss the yaktaur captain with the +5 broad axe of Puj Ygi.
You barely miss the yaktaur captain with the +11 whip "Dyxtouxi".
The yaktaur captain hits you with the +8 war axe of Miray!!
You die...

########## #........# #........#
# #........# #### #........#
##... #........# #....
##........# #...(
..........############### ##))..
###.......<[..))@.......#####')..
#...)#########.c......##.!†####
#....# #........#....## #....#
#........#[(.[# #....#
#........#'..## ###....#
#....C....########
.......#########.................
.......................W.........
............####.................


You could see a yaktaur captain, a cyclops and a shadow.

Vanquished Creatures
  2 orc warlords
  A minotaur (Gauntlet)
  An ettin (D:12)
  Fannar (Lair:3)
  A great orb of eyes (D:12)
  A hydra (D:12)
  3 boulder beetles
  2 catoblepae (Lair:5)
  A dancing weapon (D:12)
  A two-headed ogre (D:10)
  4 thrashing horrors (Lair:5)
  A tengu warrior (D:12)
  9 death yaks
  3 orc high priests
  Nergalle (D:10)
  4 skysharks
  A deep troll (Lair:2)
  A sun moth (shapeshifter) (D:12)
  Pikel (D:7)
  2 orc sorcerers (Orc:2)
  4 orc knights
  A thermic dynamo (D:12)
  2 deep elf zephyrmancers (Orc:2)
  8 deep elf pyromancers
  3 large abominations (Lair:5)
  2 ugly things
  4 cyclopes (D:12)
  3 elephants (Lair:1)
  A meliai (shapeshifter) (Lair:5)
  A kobold blastminer (Orc:2)
  7 black mambas
  A merfolk siren (Lair:3)
  A torpor snail (Lair:1)
  3 smoke demons
  Joseph (Lair:1)
  2 gargoyles
  2 rime drakes
  A minotaur zombie (Gauntlet)
  An unseen horror (D:10)
  5 cane toads
  2 kobold demonologists
  An efreet (Gauntlet)
  10 komodo dragons
  A hornet (shapeshifter) (Lair:5)
  8 trolls
  3 merfolk (Lair:3)
  25 blink frogs
  A polar bear (Lair:2)
  A raiju (Lair:5)
  9 slime creatures
  A vampire (D:12)
  A hog (shapeshifter) (D:12)
  A ynoxinul (Lair:5)
  A spriggan (Lair:5)
  83 yaks
  Eustachio (D:5)
  6 wyverns
  2 fire elementals (Gauntlet)
  2 wargs (Orc:2)
  3 steam dragons
  10 basilisks
  3 vampire mosquitoes
  Menkaure (D:5)
  A chaos spawn (Lair:5)
  Edmund (D:5)
  2 acid dragons
  19 water moccasins
  4 black bears
  2 hell hounds (Gauntlet)
  Duvessa (D:5)
  A sky beast (D:7)
  27 orc warriors
  4 ice beasts
  3 laughing skulls (Gauntlet)
  11 ogres
  7 small abominations (Lair:5)
  9 wolves
  10 centaurs
  2 lemures
  2 phantoms
  17 bullfrogs
  5 kobold brigands
  3 gnoll sergeants
  4 scorpions
  Dowan (D:5)
  8 killer bees
  10 howler monkeys
  2 bombardier beetles
  A jelly (D:6)
  19 orc priests
  A gnoll bouda (D:4)
  5 sleepcaps
  19 orc wizards
  22 gnolls
  10 adders
  6 shadow imps
  2 white imps
  4 ufetubi
  2 dart slugs (D:1)
  2 ribbon worms
  60 orcs
  3 bats
  7 endoplasms
  2 giant cockroaches
  8 goblins
  2 hobgoblins
  28 kobolds
  4 quokkas
  8 ball pythons
  A frilled lizard (D:3)
  6 rats
648 creatures vanquished.

Vanquished Creatures (collateral kills)
  A soul eater (Gauntlet)
  3 shadow imps (D:3)
4 creatures vanquished.

Vanquished Creatures (others)
  An orc wizard (Orc:2)
  A shadow imp (D:3)
2 creatures vanquished.

Grand Total: 654 creatures vanquished

Notes
Turn   | Place    | Note
-------+----------+-------------------------------------------
     0 | D:1      | backslashecho the Coglin Berserker began the quest for the
                  | Orb.
     0 | D:1      | Reached XP level 1. HP: 18/18 MP: 1/1
   219 | D:1      | Reached XP level 2. HP: 24/24 MP: 2/2
   364 | D:1      | Reached skill level 1 in Short Blades
   546 | D:1      | Reached XP level 3. HP: 28/29 MP: 3/3
   639 | D:1      | Reached ** piety under Trog
  1428 | D:2      | Reached XP level 4. HP: 34/35 MP: 4/4
  1901 | D:3      | Found a transporter.
  1942 | D:3      | Reached skill level 4 in Axes
  2030 | D:3      | Identified the +3 robe of Aprox {rElec}
  2095 | D:3      | Found a hazy altar of Hepliaklqana.
  2385 | D:3      | Reached XP level 5. HP: 24/42 MP: 5/5
  2531 | D:3      | Found a white marble altar of Elyvilon.
  2836 | D:3      | Found a transporter.
  3041 | D:4      | Found a bloodstained altar of Trog.
  3283 | D:4      | Found a basalt altar of Yredelemnul.
  3680 | D:4      | Found a shimmering altar of Xom.
  3680 | D:4      | Found an iron altar of Okawaru.
  3830 | D:4      | Found an ornate altar of the Wu Jian Council.
  4046 | D:5      | Entered Level 5 of the Dungeon
  4053 | D:4      | Reached skill level 5 in Axes
  4053 | D:4      | Reached XP level 6. HP: 32/48 MP: 6/6
  4201 | D:5      | Reached *** piety under Trog
  4464 | D:4      | Reached skill level 6 in Axes
  4464 | D:4      | Reached XP level 7. HP: 45/55 MP: 7/7
  4535 | D:5      | Noticed Duvessa
  4535 | D:5      | Noticed Dowan
  4542 | D:5      | Killed Duvessa
  4647 | D:5      | Reached skill level 5 in Fighting
  4710 | D:5      | Reached skill level 7 in Axes
  4944 | D:5      | Noticed Eustachio
  4958 | D:4      | Reached XP level 8. HP: 62/62 MP: 8/8
  5018 | D:5      | Killed Dowan
  5025 | D:5      | Killed Eustachio
  5134 | D:5      | Noticed Edmund
  5144 | D:5      | Killed Edmund
  5145 | D:5      | Reached skill level 8 in Axes
  5385 | D:5      | Noticed Menkaure
  5395 | D:5      | Killed Menkaure
  5683 | D:6      | Reached XP level 9. HP: 61/68 MP: 9/9
  5706 | D:6      | Found a blossoming altar of Fedhas.
  5729 | D:6      | Reached skill level 9 in Axes
  5992 | D:6      | Reached skill level 10 in Axes
  5992 | D:6      | Reached skill level 5 in Armour
  5992 | D:6      | Reached skill level 5 in Dodging
  6215 | D:6      | Found Qutaumom's Weapon Emporium.
  6317 | D:6      | Found an opulent altar of Gozag.
  6497 | D:6      | Found a staircase to the Ecumenical Temple.
  6646 | D:6      | Found a glowing silver altar of Zin.
  6866 | D:7      | Noticed Pikel
  6987 | D:7      | Killed Pikel
  6988 | D:7      | Reached skill level 11 in Axes
  6988 | D:7      | Reached XP level 10. HP: 74/74 MP: 10/10
  7631 | D:7      | Found a shadowy altar of Dithmenos.
  7728 | D:7      | Reached skill level 12 in Axes
  7744 | D:7      | Found a broken altar of Ashenzari.
  8022 | D:8      | Reached **** piety under Trog
  8214 | D:8      | Identified a scroll of acquirement
  8214 | D:8      | Acquired the +2 hand axe "Camiwke" {flame, rC- rCorr Int+7
                  | Stlth-}
  8576 | D:8      | Reached skill level 13 in Axes
  9682 | D:8      | Reached skill level 14 in Axes
  9682 | D:8      | Reached XP level 11. HP: 36/79 MP: 11/11
  9877 | D:8      | Found a stormy altar of Qazlal.
 10382 | D:9      | Found a staircase to the Lair.
 10627 | D:9      | Noticed a two-headed ogre
 10629 | D:9      | Found a snail-covered altar of Cheibriados.
 11589 | D:10     | Entered Level 10 of the Dungeon
 11589 | D:10     | Noticed a two-headed ogre
 11592 | D:10     | Killed a two-headed ogre
 11742 | D:10     | Reached skill level 15 in Axes
 11780 | D:10     | Noticed Nergalle
 11801 | D:10     | Killed Nergalle
 12493 | D:10     | Found a hide-covered altar of Uskayaw.
 12572 | D:10     | Found a staircase to the Orcish Mines.
 12703 | D:10     | Reached skill level 16 in Axes
 12894 | D:10     | Found a burning altar of Makhleb.
 13386 | D:11     | Noticed a white ugly thing
 13455 | Lair:1   | Entered Level 1 of the Lair of Beasts
 13496 | Lair:1   | Noticed Joseph
 13502 | Lair:1   | Found a gate leading to a gauntlet.
 13514 | Lair:1   | Reached XP level 12. HP: 18/86 MP: 12/12
 13521 | Lair:1   | Killed Joseph
 13618 | Gauntlet | Entered a Gauntlet
 13618 | Gauntlet | Found a transporter.
 13618 | Gauntlet | Found a transporter.
 13620 | Gauntlet | Noticed a soul eater
 13755 | Gauntlet | Found a transporter.
 13759 | Gauntlet | Found a transporter.
 13767 | Gauntlet | Found a transporter.
 13771 | Gauntlet | Found a transporter.
 13787 | Gauntlet | Found a transporter.
 13793 | Gauntlet | Noticed a dire elephant
 13796 | Gauntlet | Found a transporter.
 13811 | Gauntlet | Found a transporter.
 13815 | Gauntlet | Found a transporter.
 13815 | Gauntlet | Noticed a catoblepas
 13823 | Gauntlet | Found a transporter.
 13827 | Gauntlet | Found a transporter.
 14118 | Gauntlet | Identified the +0 hat of Lyuj {rPois Will- Int+3}
 14122 | Gauntlet | Reached skill level 17 in Axes
 14142 | Gauntlet | Killed a soul eater
 14547 | Gauntlet | Identified the +0 great sword of Vopneadu {drain, +Blink
                  | Int-2 Stlth+}
 14548 | Gauntlet | Identified the +0 pair of gloves "Deumem" {Dex+2}
 14590 | Gauntlet | Noticed a minotaur
 14607 | Gauntlet | Killed a minotaur
 14867 | Lair:1   | Noticed a death yak
 14886 | Lair:1   | Killed a death yak
 15058 | Lair:1   | Noticed a death yak
 15058 | Lair:1   | Noticed a death yak
 15058 | Lair:1   | Noticed a death yak
 15079 | Lair:1   | Killed a death yak
 15081 | Lair:1   | Killed a death yak
 15092 | Lair:1   | Killed a death yak
 15093 | Lair:1   | Reached skill level 18 in Axes
 16263 | Lair:1   | Reached skill level 9 in Fighting
 16395 | Lair:2   | Noticed a skyshark
 16395 | Lair:2   | Found the +5 robe of Misfortune {Harm *Corrode *Slow EV+5}
 16410 | Lair:2   | Reached XP level 13. HP: 101/101 MP: 13/13
 16413 | Lair:2   | Reached skill level 1 in Evocations
 16586 | Lair:2   | Reached skill level 1 in Throwing
 16831 | Lair:2   | Identified the +9 rapier of Doblo {freeze, rF++ Will+
                  | Int+3}
 17650 | Lair:3   | Noticed Snorg
 17922 | Lair:3   | Snorg changed into Snorg the komodo dragon
 17922 | Lair:3   | Noticed Snorg
 17925 | Lair:3   | Killed Snorg the komodo dragon
 17998 | Lair:3   | Found a staircase to the Shoals.
 18063 | Lair:3   | Noticed Fannar
 18081 | Lair:3   | Killed Fannar
 18093 | Lair:3   | Reached skill level 5 in Evocations
 18307 | Lair:3   | Found a staircase to the Snake Pit.
 18410 | Lair:3   | Reached ***** piety under Trog
 18673 | Lair:3   | Found a runed translucent door.
 18675 | Lair:3   | Noticed Iluushri's ghost (journeyman DjCK)
 18676 | Lair:3   | Identified the +8 spear "Spiderslayer" {freeze, ^Drain rC+
                  | rN+ Str+3}
 18804 | Lair:4   | Identified the +5 halberd of Painful Death {drain, rC+}
 19086 | Lair:4   | Reached XP level 14. HP: 82/113 MP: 14/14
 19140 | Lair:3   | Acquired a cryomatrix N-80 {Gadgeteer, rElec rC+}
 19498 | Lair:4   | Reached skill level 9 in Evocations
 19826 | Lair:5   | Entered Level 5 of the Lair of Beasts
 20035 | Lair:5   | Reached skill level 12 in Fighting
 20124 | Lair:5   | Found a staircase to the Slime Pits.
 20665 | Lair:5   | Identified the +5 broad axe of Puj Ygi {heavy, *Slow rC+
                  | rN+++ Dex-5} (Trog gifted it to you on level 5 of the Lair
                  | of Beasts)
 20665 | Lair:5   | Received a gift from Trog
 21725 | Lair:5   | Identified the +11 whip "Dyxtouxi" {drain, rF++}
 22146 | Lair:5   | Reached skill level 5 in Short Blades
 22173 | Lair:5   | Found a corrupted altar of Lugonu.
 22173 | Lair:5   | Found a one-way gate to the infinite horrors of the Abyss.
 22563 | Orc:1    | Entered Level 1 of the Orcish Mines
 22790 | Orc:2    | Entered Level 2 of the Orcish Mines
 22824 | Orc:2    | Noticed an orc warlord
 22843 | Orc:2    | Killed an orc warlord
 22892 | Orc:1    | Reached XP level 15. HP: 48/124 MP: 15/15
 23348 | Orc:2    | Found Xiatirphe's General Store.
 23368 | Orc:2    | Found Boses's Book Boutique.
 23408 | Orc:2    | Found a staircase to the Elven Halls.
 23572 | Orc:2    | Reached skill level 12 in Evocations
 23742 | Orc:2    | Found Gimm's Antique Armour Boutique.
 24052 | Orc:2    | Found Kurekk's Antique Weapon Shop.
 24335 | Orc:1    | Noticed an orc warlord
 24368 | Orc:1    | Killed an orc warlord
 25236 | D:10     | Reached ****** piety under Trog
 25620 | D:11     | Received a gift from Trog
 26209 | D:12     | Found a runed translucent door.
 26221 | D:12     | Found a runed translucent door.
 26369 | D:12     | Found Zarom's Assorted Antiques.
 26374 | D:12     | Bought 2 potions of might for 296 gold pieces
 26374 | D:12     | Bought a scroll of teleportation for 111 gold pieces
 26437 | Orc:2    | Bought a scroll of teleportation for 33 gold pieces
 26437 | Orc:2    | Bought 2 potions of haste for 220 gold pieces
 27544 | D:12     | Reached skill level 5 in Throwing
 27708 | D:12     | Identified the +8 war axe of Miray {vamp, ^Fragile rElec
                  | Str+3 Int+8}
 27805 | D:12     | Reached skill level 15 in Fighting
 28248 | D:12     | Mangled by a yaktaur captain

Illustrated notes

Levels and vault maps discovered:
D:1:      dpeg_arrival_windows_large_door, layout_loops_corners, minmay_cut_off
D:2:      layout_basic
D:3:      gammafunk_wand_slinger, layout_basic, mainiacjoe_overflow_24_doors,
          mainiacjoe_overflow_tiny_flanked
D:4:      layout_loops_ring, nzn_wu_jian_council_hall, old_standard_altar,
          jmf_multi_god_temple, mainiacjoe_overflow_small_starburst
D:5:      layout_gridville, uniq_menkaure, uniq_duvessa, uniq_eustachio,
          uniq_edmund
D:6:      layout_basic, kennysheep_mini_moat, amcnicky_altar_gilded,
          zin_scriptorium, minmay_temple_entry_glassed_door, serial_shops,
          nicolae_shop_peninsula, kennysheep_decorative_pillar
D:7:      layout_basic, general_overflow_altar, mainiacjoe_overflow_alcove_2,
          uniq_pikel
D:8:      layout_layer_cave, nicolae_qazlal_eye_of_the_storm,
          kennysheep_generic_room_6
D:9:      layout_grid_maze, cheibriados_altar_2, lair_entry_dummy,
          serial_co_window_serial, co_window_paths_a, co_window_cross_1,
          co_window_of_opportunity_a, co_window_corner_a, co_window_corner_a,
          co_window_corner_b, co_window_2corner, co_window_cross_2,
          co_window_paths_c, co_window_unsneaky_path_b, co_window_4corner_a,
          glass_columns_b, glass_columns_a
D:10:     layout_basic, demons_altar, nicolae_uskayaw_murder_on_the_dancefloor,
          orc_0_dummy, nicolae_fountain_basement, uniq_nergalle
D:11:     layout_gridville, minmay_quadrilaterals
D:12:     minmay_expanding_circles, layout_irregular_city, serial_shops, shop
Lair:1:   layout_long_grid, gauntlet_entry_generic, infiniplex_staircase_pool_2,
          uniq_joseph
Lair:2:   dreamdust_cave_troll, layout_hall_layers, st_stairs_3
Lair:3:   layout_long_grid, elwin_shoals_entry_stream,
          minmay_snake_entry_six_corridors, ebering_ghost_funeral_grove,
          uniq_fannar, uniq_snorg
Lair:4:   layout_small_grid
Lair:5:   hellmonk_lair_end_abyssal_woods, layout_cave_pods,
          minmay_slime_entry_oklob_open
Orc:1:    layout_caves
Orc:2:    grunt_orc_gardens, layout_diamond_mine, grunt_orc_garden,
          grunt_orc_garden, grunt_orc_garden, grunt_orc_garden, special_room,
          elves_outpost_lemuel

Skill      XL: |  1  2  3  4  5  6  7  8  9 10 11 12 13 14 15 |
---------------+----------------------------------------------+-----
Short Blades   | 1 2 4 6 |  6.0
Armour         | 2 4 5 |  5.1
Dodging        | 2 4 5 |  5.2
Axes           | 4 5 6 7 8 11 14 16 18 | 18.0
Fighting       | 4 5 9 11 13 15 | 15.0
Evocations     | 8 11 13 | 13.6
Throwing       | 2 4 5 |  5.5

Action                     |  1- 3 |  4- 6 |  7- 9 | 10-12 | 13-15 || total
---------------------------+-------+-------+-------+-------+-------++-------
  Melee: Dagger            |    75 |    53 |   213 |   212 |       ||   553
         Hand axe          |    73 |   182 |   211 |   557 |   424 ||  1447
         Whip              |       |       |       |   371 |   348 ||   719
         War axe           |       |       |       |    41 |       ||    41
         Rapier            |       |       |       |       |   377 ||   377
         Broad axe         |       |       |       |       |   311 ||   311
  Throw: Dart              |       |       |    14 |    10 |    14 ||    38
         Throwing net      |       |       |       |       |     2 ||     2
 Invoke: Berserk           |       |     1 |     9 |    15 |    13 ||    38
         Trog's Hand       |       |       |     1 |     7 |     8 ||    16
         Brothers in Arms  |       |       |       |     1 |       ||     1
Ability: Invent Gizmo      |       |       |       |       |     1 ||     1
  Evoke: Wand              |       |     1 |     3 |     5 |    17 ||    26
         Phantom mirror    |       |       |       |     1 |     1 ||     2
    Use: Scroll            |       |     5 |     8 |    11 |    11 ||    35
         Potion            |       |     1 |       |     5 |     2 ||     8
   Stab: Sleeping          |     2 |       |       |       |       ||     2
         Distracted        |       |       |       |     1 |       ||     1
         Petrified         |       |       |       |       |     9 ||     9
 Armour: Animal skin       |    14 |       |       |       |       ||    14
         Scale mail        |    39 |   141 |   170 |   436 |    78 ||   864
         Skin              |       |       |       |     4 |       ||     4
         Troll leather arm |       |       |       |       |   270 ||   270
         Plate armour      |       |       |       |       |   113 ||   113
         Chain mail        |       |       |       |       |   129 ||   129
  Dodge: Dodged            |    37 |   108 |   111 |   267 |   316 ||   839

Table legend: (Time is in decaauts)
 A = Elapsed time spent in this place.
 B = Non-inter-level travel time spent in this place.
 C = Inter-level travel time spent in this place.
 D = Time resting spent in this place.
 E = Time spent auto-exploring this place.
 F = Levels seen in this place.
 G = Mean time per level.
                   A        B        C        D        E       F      G
               +--------+--------+--------+--------+--------+-----+--------+
         Total |  28314 |  25489 |   2825 |   6011 |  13604 |  20 | 1415.7 |
       Dungeon |  16925 |  14778 |   2147 |   3260 |   8717 |  12 | 1410.4 |
          Lair |   7487 |   6983 |    504 |   1509 |   3457 |   5 | 1497.4 |
  Orcish Mines |   2680 |   2507 |    173 |    726 |   1197 |   2 | 1340.0 |
      Gauntlet |   1221 |   1221 |      0 |    514 |    233 |   1 | 1221.0 |
               +--------+--------+--------+--------+--------+-----+--------+

Top non-repeatable levels by time:
  Lair:5: 2401 daAuts
     D:8: 2107 daAuts
     D:4: 1924 daAuts
  Lair:1: 1718 daAuts
     D:6: 1578 daAuts
    D:10: 1575 daAuts
     D:9: 1522 daAuts
     D:7: 1421 daAuts
    D:12: 1409 daAuts
   Orc:1: 1396 daAuts
    D:11: 1363 daAuts
   Orc:2: 1284 daAuts
Gauntlet: 1221 daAuts
     D:3: 1198 daAuts
  Lair:3: 1154 daAuts
